 Dungeon Crawl Stone Soup version 0.29.1-15-g9cfb28693d (webtiles) character file.

Game seed: 13209062081442156198

422 Atelerd the Digger (level 6, -2/34 (37) HPs)
             Began as an Octopode Earth Elementalist on May 1, 2023.
             Slain by a wight
             ... wielding a +4 spear
              (10 damage)
             ... on level 4 of the Dungeon.
             The game lasted 00:03:42 (3924 turns).

Atelerd the Digger (Octopode Earth Elementalist)    Turns: 3924, Time: 00:03:42

HP:   -2/34 (37)    AC:  1    Str:  7    XL:     6   Next: 95%
MP:   6/12          EV: 13    Int: 20    God:
Gold: 141           SH:  0    Dex: 12    Spells: 8/13 levels left

rFire   . . .      SeeInvis .   h - +0 dagger
rCold   . . .      Faith    .   (no shield)
rNeg    . . .      Spirit   .   (helmet restricted)
rPois   .          Reflect  .   (no amulet)
rElec   .          Harm     .   (no ring)
rCorr   .          Rampage  .   (no ring)
Will    .....                   (no ring)
Stlth   +++.......              (no ring)
HPRegen 0.11/turn               (no ring)
MPRegen 0.13/turn               (no ring)
                                (no ring)
                                (no ring)

@: drained
A: almost no armour, amphibious, 8 rings, camouflage 1, gelatinous body 1,
(nimble swimmer 1), tentacles
a: no special abilities


You were on level 4 of the Dungeon.
You visited 1 branch of the dungeon, and saw 4 of its levels.

You collected 141 gold pieces.

Inventory:

Hand Weapons
 h - a +0 dagger (weapon)
Wands
 o - a wand of charming (9)
Scrolls
 c - 2 scrolls of teleportation {unknown}
 e - a scroll of enchant weapon {unknown}
 g - 3 scrolls of blinking {unknown}
 j - a scroll of magic mapping {unknown}
 m - a scroll of fear {unknown}
 q - 2 scrolls of butterflies {unknown}
 s - 2 scrolls of identify {unknown}
Potions
 a - 2 potions of magic
 b - a potion of attraction {unknown}
 d - 2 potions of degeneration {unknown}
 f - a potion of curing
 i - a potion of ambrosia {unknown}
 k - a potion of brilliance {unknown}
 l - a potion of resistance {unknown}
 n - 2 potions of invisibility {unknown}
 p - a potion of flight {unknown}
 r - a potion of mutation {unknown}


   Skills:
 + Level 0.6 Fighting
 - Level 2.0 Dodging
 - Level 2.6 Stealth
 + Level 0.4 Unarmed Combat
 + Level 4.4 Spellcasting
 + Level 1.1 Transmutations
 + Level 5.8 Earth Magic
 + Level 0.2 Evocations


You had 8 spell levels left.
You knew the following spells:

 Your Spells              Type           Power      Damage    Failure   Level
a - Sandblast             Erth           54%        2d13      1%          1
p - Petrify               Tmut/Erth      18%        N/A       28%         4

Your spell library contained the following spells:

 Spells                   Type           Power      Damage    Failure   Level
 Passwall                 Tmut/Erth      15%        N/A       4%          2
 Stone Arrow              Conj/Erth      32%        3d9       11%         3
 Dazzling Flash           Conj/Hex       8%         N/A       36%         3
 Agony                    Necr           4%         N/A       98%         5
 Silence                  Hex/Air        2%         N/A       98%         5


Dungeon Overview and Level Annotations

Branches:
Dungeon (4/15)
 Temple: D:4-7

Altars:

Shops:
D:2 :

Annotations:
D:3 Grinder


Innate Abilities, Weirdness & Mutations

You cannot wear most types of armour.
You are amphibious.
You can wear up to eight rings at the same time.
Your skin changes colour to match your surroundings (Stealth+).
Your rubbery body absorbs attacks. (AC +1, EV +1)
((You are camouflaged when in or above water. (Stealth+)))
You have tentacles for arms and can constrict up to eight enemies at once.


Message History

You are poisoned.
The adder poisons you! The adder bites you but does no damage.
The blast of sand hits the adder!!
You kill the adder!
You feel sick.
You can't see any susceptible monsters within range! (Use Z to cast anyway.)
You can't see any susceptible monsters within range! (Use Z to cast anyway.) No target in view!
You can't see any susceptible monsters within range! (Use Z to cast anyway.)
You feel sick.
You feel sick.
You feel sick.
You are no longer poisoned.
A wight comes into view. It is wielding a +0 mace.
A wight is nearby!
A wight is nearby!
A wight is nearby! 2 wights come into view.
There is an open door here.
Things that are here:
an adder corpse; a ball python corpse
There are monsters nearby!
The blast of sand misses the wight.
The blast of sand hits the wight.
The wight is lightly damaged.
The wight hits you with a +0 mace.
The blast of sand hits the wight.
The wight is moderately damaged.
The wight hits you from afar with a +4 spear.
The wight hits you from afar with a +4 spear!
* * * LOW HITPOINT WARNING * * *
You feel drained.
* * * LOW HITPOINT WARNING * * *
The wight hits you with a +0 mace.
* * * LOW HITPOINT WARNING * * *
You feel drained.
Okay, then.
You feel better. The wight closely misses you. x2
The wight hits you from afar with a +4 spear!
You die...

.##.....# .. #.....# .. .#
#.....# ##. .# ##..#.#
###..#####.# #..#.#
##>....#....### #..#.#
.....z.#....#.. ...#..
......z#....#.# ##.####
.....$z@....#.# #.....
......##....#.##########
..... #................
.... #....#.####...... ...
#.........'...... ##+#
#.....#.###......
#.#####...#.#.# #....[.
#........##.#'###......
#####.#########.....##.####


You could see 3 wights.

Vanquished Creatures
  A necrophage (D:4)
  A jelly (D:4)
  Jessica (D:2)
  Ijyb (D:3)
  Natasha (thrice) (D:2)
  3 orc wizards
  6 adders
  A worm (D:2)
  A dart slug (D:1)
  5 orcs
  6 ball pythons
  10 endoplasms
  4 giant cockroaches
  A goblin (D:3)
  3 hobgoblins
  3 quokkas
  6 bats
  3 frilled lizards (D:1)
  8 kobolds
  2 rats
69 creatures vanquished.

Vanquished Creatures (collateral kills)
  An adder (D:3)
  A giant cockroach (D:3)
2 creatures vanquished.

Grand Total: 71 creatures vanquished

Notes
Turn   | Place    | Note
-------+----------+-------------------------------------------
     0 | D:1      | Atelerd the Octopode Earth Elementalist began the quest for
                  | the Orb.
     0 | D:1      | Reached XP level 1. HP: 11/11 MP: 3/3
   342 | D:1      | Reached XP level 2. HP: 17/17 MP: 3/5
   569 | D:1      | Found a faded altar of an unknown god.
   847 | D:1      | Reached XP level 3. HP: 10/21 MP: 0/6
  1881 | D:2      | Found Feps's Book Emporium.
  1946 | D:2      | Noticed Jessica
  1951 | D:2      | Killed Jessica
  1952 | D:2      | Reached skill level 4 in Earth Magic
  1952 | D:2      | Reached XP level 4. HP: 27/27 MP: 6/8
  2099 | D:2      | Noticed Natasha
  2102 | D:2      | Killed Natasha
  2284 | D:2      | Noticed Natasha
  2287 | D:2      | Killed Natasha
  2288 | D:2      | Reached XP level 5. HP: 23/32 MP: 7/10
  2330 | D:2      | Noticed Natasha
  2334 | D:2      | Killed Natasha
  2721 | D:3      | Noticed Ijyb
  2729 | D:3      | Killed Ijyb
  2730 | D:3      | Reached skill level 5 in Earth Magic
  2730 | D:3      | Reached XP level 6. HP: 8/37 MP: 6/11
  3040 | D:3      | Noticed Grinder
  3067 | D:3      | Paralysed by Grinder for 4 turns
  3310 | D:4      | Learned a level 4 spell: Petrify
  3924 | D:4      | Slain by a wight

Illustrated notes

Levels and vault maps discovered:
D:1:      dpeg_arrival_simpleton_b, layout_basic,
          shapermc_ecumenical_altar_flowoftime, ebering_dispersal_statue_hall
D:2:      layout_loops_cross, serial_shops, shop, minmay_vboxes, uniq_jessica,
          uniq_natasha
D:3:      layout_loops_ring, xom_confusion_cloud, uniq_ijyb, uniq_grinder
D:4:      layout_basic, nrook_loot_triangle, uniq_sigmund

Skill      XL: |  1  2  3  4  5  6 |
---------------+-------------------+-----
Spellcasting   | 3 4 |  4.4
Earth Magic    | 4 5 |  5.8
Fighting       | |  0.6
Dodging        | |  2.0
Stealth        | |  2.6
Unarmed Combat | |  0.4
Transmutations | |  1.1
Evocations     | |  0.2

Action                   |  1- 3 |  4- 6 || total
-------------------------+-------+-------++-------
Melee: Unarmed           |    12 |       ||    12
       Tentacles         |     7 |     2 ||     9
       Constrict         |     5 |     1 ||     6
       Dagger            |     6 |    14 ||    20
 Cast: Sandblast         |    31 |    57 ||    88
Evoke: Wand              |       |     3 ||     3
  Use: Potion            |       |     3 ||     3
 Stab: Distracted        |       |     1 ||     1
       Sleeping          |       |     2 ||     2
Armor: Skin              |     2 |     3 ||     5
Dodge: Dodged            |    21 |    28 ||    49
